 Dungeon Crawl Stone Soup version 0.29.1-12-g30fa7ad0bf (webtiles) character file.

Game seed: 14481877701559388399

18 hawla the Chiller (level 3, -11/26 HPs)
             Began as a Meteoran Ice Elementalist on Jan 8, 2023.
             Killed from afar by Grinder (13 damage)
             ... with a puff of flame
             ... on level 3 of the Dungeon.
             The game lasted 00:01:53 (134 turns).

hawla the Chiller (Meteoran Ice Elementalist)        Turns: 134, Time: 00:01:53

Health: -11/26     AC:  2    Str: 10    XL:     3   Next: 5%
Magic:  8/8        EV: 12    Int: 18    God:
Gold:   7          SH:  0    Dex: 14    Spells: 3/7 levels left

rFire   . . .      SeeInvis .   (no weapon)
rCold   . . .      Faith    .   (no shield)
rNeg    . . .      Spirit   .   a - +0 robe
rPois   .          Reflect  .   (no helmet)
rElec   .          Harm     .   (no cloak)
rCorr   .          Rampage  .   (no gloves)
Will    .....                   (no boots)
Stlth   +.........              (no amulet)
HPRegen 0.08/turn               (no ring)
MPRegen 0.11/turn               (no ring)

@: freezing walls, glowing
A: sense surroundings 1, otherworldly, glowing, explore regen
a: no special abilities


You were on level 3 of the Dungeon.
You visited 1 branch of the dungeon, and saw 4 of its levels.

You collected 7 gold pieces.

Inventory:

Armour
 a - a +0 robe (worn)


   Skills:
 + Level 0.3 Fighting
 + Level 2.4 Dodging
 - Level 1.4 Stealth
 + Level 2.8 Spellcasting
 + Level 5.0 Ice Magic


You had 3 spell levels left.
You knew the following spells:

 Your Spells              Type           Power      Damage    Failure   Level
a - Freeze                Ice            80%        1d9       1%          1
b - Frozen Ramparts       Ice            40%        1d7       6%          3

Your spell library contained the following spells:

 Spells                   Type           Power      Damage    Failure   Level
 Ozocubu's Armour         Ice            20%        N/A       6%          3
 Hailstorm                Conj/Ice       11%        3d5       50%         4


Dungeon Overview and Level Annotations

Branches:
Dungeon (4/15) Zot: 2266
 Temple: D:4-7

Altars:

Annotations:
D:2 Robin
D:3 Grinder
D:4 Eustachio, Ijyb


Innate Abilities, Weirdness & Mutations

You passively map a small area around you.
You are easily found by Zot.
You glow in the dark.
You regain HP and MP as you explore.


Message History

Confirm with . or Enter, or press ? or * to list all spells.
The spell is quite dangerous to miscast (6% risk of failure)!
Continue anyway?
Casting: Frozen Ramparts (quite dangerous; 6% risk of failure)
Press: ? - help, Dir - look around, f - activate The walls around you are covered in ice.
Grinder completely resists.
The wall freezes Grinder but does no damage.
Grinder zaps a wand.
The puff of flame hits you!
Unknown command.
Casting: Frozen Ramparts (quite dangerous; 6% risk of failure)
Confirm with . or Enter, or press ? or * to list all spells.
Aiming: Freeze (safe; 1% risk of failure)
Press: ? - help, Shift-Dir - straight line, f - Grinder
Aim: Grinder, carrying a wand of flame (22)
You freeze Grinder but do no damage.
Grinder completely resists.
The wall freezes Grinder but does no damage.
Grinder hits you!
You writhe in agony.
* * * LOW HITPOINT WARNING * * *
Magic courses through your body.
Grinder completely resists.
The wall freezes Grinder but does no damage.
Grinder zaps a wand.
The puff of flame misses you.
You aren't carrying any items that you can evoke.
You aren't carrying any scrolls.
You closely miss Grinder.
Grinder resists.
The wall freezes Grinder.
Grinder gestures at you.
You barely resist. You hit Grinder but do no damage.
Grinder is lightly wounded.
The wall freezes Grinder but does no damage.
Grinder hits you.
* * * LOW HITPOINT WARNING * * *
You hit Grinder but do no damage.
Grinder is lightly wounded.
Grinder completely resists.
The wall freezes Grinder but does no damage.
Grinder blinks!
Unknown command.
Grinder zaps a wand.
The puff of flame hits you!
Ouch! That really hurt!
You die...

.....# * ..##.# #,
,. ,* , ,,..#*.#
####.##. ... #
#......# # , ####*
#.##.#.###.##.
#####.##.........
#.....>........ * *
#.###.####.#.#.#
#...@......# *
,.....5######..###*,
##.##. * ..... , *,
.. .##### * ##[* *
.# * * #5* * .. , ..
* .., * ,, * .. * ,,


You could see Grinder.

Vanquished Creatures
  An adder (D:2)
  A giant cockroach (D:4)
  2 goblins
  A hobgoblin (D:3)
  A kobold (D:2)
  A bat (D:2)
  A rat (D:2)
8 creatures vanquished.

Notes
Turn   | Place    | Note
-------+----------+-------------------------------------------
     0 | D:1      | hawla the Meteoran Ice Elementalist began the quest for the
                  | Orb.
     0 | D:1      | Reached XP level 1. HP: 14/14 MP: 5/5
    44 | D:2      | Noticed Robin
    46 | D:2      | Reached skill level 5 in Ice Magic
    46 | D:2      | Reached XP level 2. HP: 18/20 MP: 0/6
    56 | D:3      | Reached XP level 3. HP: 12/26 MP: 0/8
    60 | D:3      | Learned a level 3 spell: Frozen Ramparts
   109 | D:4      | Noticed Eustachio
   114 | D:4      | Noticed Ijyb
   117 | D:3      | Noticed Grinder
   129 | D:3      | HP: 1/26 [Grinder (3)]
   134 | D:3      | Killed from afar by Grinder

Illustrated notes

Levels and vault maps discovered:
D:1:      minmay_arrival_plants_in_alcoves, layout_basic,
          hellmonk_ecumenical_altar_inner_sanctum, corner_web_ring
D:2:      layout_basic, basic_altar, uniq_robin
D:3:      layout_loops_cross, uniq_natasha, uniq_grinder
D:4:      layout_cave_pools, uniq_ijyb, uniq_eustachio

Skill      XL: |  1 |
---------------+----+-----
Ice Magic      | 5 |  5.0
Fighting       | |  0.3
Dodging        | |  2.4
Stealth        | |  1.4
Spellcasting   | |  2.8

Action                   || total
-------------------------++-------
Melee: Unarmed           ||     6
 Cast: Freeze            ||    14
       Frozen Ramparts   ||     1
  Use: Scroll            ||     1
       Potion            ||     1
Armor: Robe              ||     3
Dodge: Dodged            ||    15
